 Dungeon Crawl Stone Soup version 0.18-a0-921-g28655ce (webtiles) character file.

1965 st0uf the Shield-Bearer (level 9, -2/69 HPs)
             Began as a Formicid Fighter on Dec 28, 2015.
             Was a Believer of Makhleb.
             Killed from afar by an electric eel (17 damage)
             ... with a bolt of electricity
             ... on level 6 of the Dungeon.
             The game lasted 00:25:25 (6967 turns).

st0uf the Shield-Bearer (Formicid Fighter)          Turns: 6967, Time: 00:25:25

Health: -2/69      AC: 10    Str: 23    XL:     9   Next: 42%
Magic:  9/9        EV: 11    Int:  9    God:    Makhleb [**....]
Gold:   311        SH: 11    Dex: 10    Spells: 0 memorised, 8 levels left

rFire  . . .     SeeInvis +     a - +0 long sword
rCold  + + .     Gourm    .     F - +2 scale mail {rC+}
rNeg   . . .     Faith    .     c - +0 shield
rPois  .         Spirit   .     (helmet unavailable)
rElec  .         Dismiss  .     (no cloak)
rCorr  .         Reflect  .     (no gloves)
SustAt .         Harm     .     o - +0 pair of boots
MR     .....                    (no amulet)
Stlth  ..........               (no ring)
                                v - ring of protection from cold

@: not resistant to hostile enchantments, extremely unstealthy
A: permanent stasis, dig shafts and tunnels, four strong arms, antennae 3
a: Dig, Shaft Self, Minor Destruction, Renounce Religion


You were on level 6 of the Dungeon.
You worshipped Makhleb.
Makhleb was pleased with you.
You were hungry.

You visited 2 branches of the dungeon, and saw 7 of its levels.

You collected 311 gold pieces.

Inventory:

Hand Weapons
 a - a +0 long sword (weapon)
Armour
 c - a +0 shield (worn)
 o - a +0 pair of boots (worn)
 F - a +2 scale mail of cold resistance (worn)
Jewellery
 k - a +3 amulet of reflection {unknown}
 v - a ring of protection from cold (left hand)
 E - an uncursed ring of fire {unknown}
 K - an uncursed ring of protection from cold
Wands
 u - a wand of lightning (6/15)
 L - a wand of flame (15/48)
Scrolls
 e - a scroll of immolation {unknown}
 i - a scroll of enchant armour {unknown}
 l - 2 scrolls of random uselessness {unknown}
 n - 2 scrolls of remove curse {unknown}
 p - 6 scrolls of identify {unknown}
 s - 3 scrolls of recharging {unknown}
 w - 2 scrolls of amnesia {unknown}
 y - a scroll of fear {unknown}
 A - 3 scrolls of blinking {unknown}
 C - 2 scrolls of fog {unknown}
 D - a scroll of noise {unknown}
 G - a scroll of acquirement {unknown}
Potions
 b - a potion of magic {unknown}
 d - a potion of might
 g - 2 potions of heal wounds
 h - 2 potions of brilliance {unknown}
 m - a potion of resistance {unknown}
 t - 2 potions of ambrosia {unknown}
 x - 4 potions of curing
 B - a potion of invisibility {unknown}
 H - 2 potions of flight {unknown}
Books
 q - a book of Geomancy

   Spells                             Type                      Level
   a - Sandblast                      Earth                        1
   b - Stoneskin                      Transmutation/Earth          2
   c - Passwall                       Transmutation/Earth          3
   d - Stone Arrow                    Conjuration/Earth            3
   e - Petrify                        Transmutation/Earth          4
   f - Lee's Rapid Deconstruction     Earth                        5
Comestibles
 f - 10 bread rations
 j - 3 meat rations
 r - a beef jerky
 z - a royal jelly
 I - a slice of pizza
 J - 5 fruits


   Skills:
 + Level 5.9 Fighting
 * Level 6.9 Long Blades
 + Level 6.1 Armour
 + Level 3.7 Dodging
 + Level 7.5 Shields


You had 8 spell levels left.
You didn't know any spells.

Dungeon Overview and Level Annotations

Branches:
Dungeon (6/15)             Temple (1/1) D:4

Altars:
Ashenzari
Dithmenos
Elyvilon
Fedhas
Gozag
Kikubaaqudgha
Makhleb
Nemelex Xobeh
Okawaru
Pakellas
Sif Muna
Trog
Xom
Yredelemnul
The Shining One


Innate Abilities, Weirdness & Mutations

You are under a permanent stasis effect.
You can dig through walls and to a lower floor.
Your four strong arms can wield two-handed weapons with a shield.
You have a pair of large antennae on your head (SInv).


Message History

You extend your mandibles.
You dig through the rock wall.
You retract your mandibles.
The electric eel shoots out a bolt of lightning at you!
The bolt of electricity hits you!
The electric eel shoots out a bolt of lightning at you!
The bolt of electricity hits you! x2
The bolt of electricity hits the electric eel.
The electric eel completely resists.
The bolt of electricity hits the plant.
The plant is destroyed!
You slash the electric eel!
The electric eel is heavily wounded.
The electric eel shoots out a bolt of lightning at you!
The bolt of electricity misses you. The bolt of electricity hits you!
* * * LOW HITPOINT WARNING * * *
The bolt of electricity hits the electric eel.
The electric eel completely resists.
The electric eel shoots out a bolt of lightning at you!
The bolt of electricity hits you!
You die...

######## #.#.# #.#
##.P≈{P≈♣ ##.### #.#.#
#.# ###.P.P♣≈≈≈ .....#
#.#.###.##PP.≈≈≈♣≈≈P≈
##.#.#
#.#.##....≈P≈≈≈♣PPPP#
#.#.#
#.#.##.#.;≈≈[≈≈♣P≈###
#.#.#
#...#...#P≈≈≈♣♣PPPP.#
#<#.#
#.#.#...#.P≈≈≈≈♣PPP..
#.#.#
#.#......≈PP≈♣≈≈{P≈P#
#.#.#
#...@.....P.PP≈♣;♣≈P≈
#.#.#
#.#.......#PPPP≈♣♣♣♣≈
##<..#
#####.##...######≈≈.PP≈P
.....#####..........#
###≈P..P
###.#......####.##.##
##.## #.#.###### #.##.#
#..## #.#.# #.##.# #....
#.#.# #####.##.# #.###
..#.# #........# #.#


You could see an electric eel.

Vanquished Creatures
  Pikel (D:6)
  An orc warrior (D:6)
  2 ice beasts
  A phantom (D:4)
  An ogre (D:5)
  A centaur (D:5)
  2 giant frogs
  2 scorpions (D:4)
  3 orc priests
  3 hounds
  3 crimson imps
  An orc wizard (D:5)
  4 worker ants
  A hound zombie (D:6)
  15 gnolls
  8 adders
  2 oozes (D:1)
  2 adder skeletons (D:6)
  A worm (D:2)
  11 orcs
  A ball python (D:4)
  7 bats
  9 hobgoblins
  18 jackals
  5 kobolds
  3 quokkas
  6 giant cockroaches
  7 giant geckos
  5 giant newts
  11 goblins
  A quokka skeleton (D:6)
  A quokka zombie (D:6)
  4 rats
143 creatures vanquished.

Vanquished Creatures (others)
  4 slaves (D:6)
  A worker ant (D:6)
  3 plants (D:6)
8 creatures vanquished.

Grand Total: 151 creatures vanquished

Notes
Turn   | Place    | Note
--------------------------------------------------------------
     0 | D:1      | st0uf the Formicid Fighter began the quest for the Orb.
     0 | D:1      | Reached XP level 1. HP: 18/18 MP: 1/1
   113 | D:1      | Reached XP level 2. HP: 22/24 MP: 2/2
   395 | D:1      | Reached XP level 3. HP: 25/29 MP: 3/3
   411 | D:1      | Reached skill level 4 in Shields
  1120 | D:2      | Reached XP level 4. HP: 29/37 MP: 4/4
  1873 | D:3      | Reached XP level 5. HP: 26/42 MP: 5/5
  1968 | D:3      | Found an oddly glowing altar of Pakellas.
  2164 | D:3      | Found a sparkling altar of Nemelex Xobeh.
  2664 | D:4      | Reached skill level 1 in Dodging
  2808 | D:4      | Reached XP level 6. HP: 26/48 MP: 6/6
  3664 | D:4      | Reached skill level 5 in Shields
  3664 | D:4      | Reached XP level 7. HP: 44/55 MP: 7/7
  3940 | D:4      | Found a staircase to the Ecumenical Temple.
  3961 | Temple   | Entered the Ecumenical Temple
  3984 | Temple   | Became a worshipper of Makhleb the Destroyer
  4243 | D:5      | Entered Level 5 of the Dungeon
  4287 | D:5      | Reached skill level 5 in Armour
  4816 | D:5      | Reached XP level 8. HP: 43/61 MP: 8/8
  4922 | D:5      | Reached skill level 5 in Long Blades
  4925 | D:5      | Reached * piety under Makhleb
  5064 | D:5      | Reached skill level 6 in Shields
  5267 | D:5      | Reached skill level 5 in Fighting
  6180 | D:6      | Noticed Pikel
  6196 | D:6      | Killed Pikel
  6196 | D:6      | Reached ** piety under Makhleb
  6196 | D:6      | Reached skill level 7 in Shields
  6196 | D:6      | Reached XP level 9. HP: 50/69 MP: 9/9
  6697 | D:6      | Found a white marble altar of Elyvilon.
  6967 | D:6      | Killed from afar by an electric eel

Vault maps used:
D:1:      sevenhm_arrival_forest_fort_small_6, st_stairs_12,
          roderic_serpentine_path
D:2:      first_bread, minmay_quantized
D:3:      nicolae_overflow_hidden_temple, kennysheep_big_empty_room,
          grunt_pakellas_basics
D:4:      minmay_temple_entry_nine_rooms
D:5:      hex_medium
D:6:      gammafunk_temple_overflow_elements, lemuel_round_altar,
          serial_bayou_lagoon_a, uniq_pikel
Temple:   circular_temple_pool_12

Action                   |  1- 3 |  4- 6 |  7- 9 || total
-------------------------+-------+-------+-------++-------
Melee: Long sword        |   136 |   258 |   384 ||   778
 Abil: Dig               |       |     3 |    10 ||    13
  Use: Potion            |       |     1 |     1 ||     2
  Eat: Chunk             |     1 |     9 |    11 ||    21
